FIQ, neutral male scurrid Tourist < ^^^^^^^^^^^^# ### ^^# r# FIQ the Rambler Experience level: 1 Strength: 10 Dexterity: 11 Constitution: 14 Intelligence: 15 Wisdom: 9 Charisma: 15 Health: 9(9) Energy: 2(2) Def: 0 Gold: 313 Moves: 1385 Dungeon seed: 1GG3On5fKe1YPHZv Game ID: FIQ_1498600949 Your Inventory: Coins $ - 313 gold pieces Weapons a - 40 uncursed +2 darts (in quiver) Armor e - a blessed +0 Hawaiian shirt (being worn) Comestibles b - an uncursed egg c - 5 uncursed chestnuts d - 2 uncursed food rations f - an uncursed pear g - an uncursed cram ration h - 2 uncursed tripe rations Scrolls k - 4 uncursed scrolls of magic mapping Potions i - an uncursed potion of extra healing j - a blessed potion of extra healing p - a blessed potion of fruit juice Wands n - an uncursed wand of secret door detection (0:13) Tools l - an uncursed expensive camera (0:58) m - an uncursed credit card o - an uncursed oil lamp (0:1318) Spells and supernatural/magical abilities: Name Level Category Fail Memory W - pray for help -- divine ? -- Your skills at the end: Miscellaneous Skills wands [Basic] Weapon Skills dart [Basic] Spellcasting Skills Final Attributes: You were devoutly aligned. You had infravision. You were very stealthy. You are dead. Voluntary challenges: You went without food. You did not adorn yourself with jewelry or accessories. You did not cause conflict. You were not invisible. You did not have reflection. You were not displaced. You were an atheist. You never hit with a wielded weapon. You were a pacifist. You did not use tools. You did not use plumbed fixtures. You did not drink any magical draughts. You were illiterate. You never genocided any monsters. You never polymorphed an object. You never changed form. You used no wishes. You never split a pudding. You never wrote Elbereth's name. You never violated your personal moral code. Dungeon overview: The Dungeons of Doom: levels 1 to 28 Level 1 a long staircase Level 2 Level 3 Level 4 Level 5 a fountain Level 6 Level 7 Level 8 Level 9 Level 10 Level 11 Level 12 Level 13 Level 14 Level 15 Level 16 Level 17 Level 18 Level 19 Level 20 Level 21 Level 22 many trees Level 23 Level 24 Level 25 Level 26 Level 27 Level 28 <- You were here History has recorded: On T:1 you entered the Dungeons of Doom to retrieve the Amulet of Yendor! On T:46 you reached level 2 of The Dungeons of Doom. On T:48 you reached level 3 of The Dungeons of Doom. On T:50 you reached level 4 of The Dungeons of Doom. On T:52 you reached level 5 of The Dungeons of Doom. On T:55 you reached level 6 of The Dungeons of Doom. On T:57 you reached level 7 of The Dungeons of Doom. On T:59 you reached level 8 of The Dungeons of Doom. On T:61 you reached level 9 of The Dungeons of Doom. On T:64 you reached level 10 of The Dungeons of Doom. On T:67 you reached level 11 of The Dungeons of Doom. On T:70 you reached level 12 of The Dungeons of Doom. On T:72 you reached level 13 of The Dungeons of Doom. On T:74 you reached level 14 of The Dungeons of Doom. On T:76 you reached level 15 of The Dungeons of Doom. On T:76 you entered the Rogue tribute level. On T:79 you reached level 16 of The Dungeons of Doom. On T:81 you reached level 17 of The Dungeons of Doom. On T:83 you reached level 18 of The Dungeons of Doom. On T:85 you reached level 19 of The Dungeons of Doom. On T:89 you reached level 20 of The Dungeons of Doom. On T:91 you reached level 21 of The Dungeons of Doom. On T:94 you reached level 22 of The Dungeons of Doom. On T:96 you reached level 23 of The Dungeons of Doom. On T:98 you reached level 24 of The Dungeons of Doom. On T:100 you reached level 25 of The Dungeons of Doom. On T:103 you reached level 26 of The Dungeons of Doom. On T:107 you reached The Castle. Score breakdown: Gold: 0 ( 0 points) Experience: 1 level ( 0 points) Exploration: 28 levels ( 810 points) Discoveries: 1 item ( 50 points) Variety of kills: 0 monsters ( 0 points) Major goal: (nothing yet) ( 0 points) Survival: died (score multiplied by 3) Total score: 2580 Latest messages: You have no weapon equipped. You crawl to the edge of the pit. You faint from lack of food. You come to. You start chewing a hole in the rock. You continue digging. You succeed in cutting away some rock. You have no weapon equipped. You start chewing a hole in the rock. You continue digging. You succeed in cutting away some rock. You go down into the pit. You start digging downward. The ground here is too hard to dig in. You faint from lack of food. You come to. You crawl to the edge of the pit. You faint from lack of food. You come to. You have no weapon equipped. You start chewing a hole in the rock. You continue digging. You succeed in cutting away some rock. You die from starvation. Final status: Aloha FIQ the Tourist, died of starvation... You starved in The Dungeons of Doom on dungeon level 28 with 2580 points, and 313 pieces of gold, after 1385 moves. You were level 1 with a maximum of 9 hit points when you starved.